 Dungeon Crawl Stone Soup version 0.18.1-50-g88ac8fd (webtiles) character file.

715 magog001 the Skirmisher (level 7, -5/60 HPs)
             Began as a Centaur Fighter on Sept 4, 2017.
             Slain by magog001's ghost (7 damage)
             ... on level 5 of the Dungeon.
             The game lasted 00:24:34 (4502 turns).

magog001 the Skirmisher (Centaur Fighter)           Turns: 4502, Time: 00:24:35

Health: -5/60      AC: 16    Str: 21    XL:     7   Next: 41%
Magic:  7/7        EV:  7    Int:  7    God:
Gold:   185        SH: 11    Dex:  8    Spells: 0 memorised, 6 levels left

rFire  . . .     SeeInvis .     a - +0 war axe
rCold  + . .     Gourm    +     p - +3 ring mail {rC+}
rNeg   . . .     Faith    .     c - +2 shield
rPois  .         Spirit   .     z - +2 helmet
rElec  .         Dismiss  .     m - +2 cloak
rCorr  .         Reflect  .     (no gloves)
SustAt .         Harm     .     (no barding)
MR     .....                    j - amulet of the gourmand
Stlth  ..........               (no ring)
                                s - +1 ring of protection

@: lethally poisoned (-5 -> -30), very quick, not resistant to hostile
enchantments, extremely unstealthy
A: hooves 3, deformed body, speed 2, tough skin 3
a: no special abilities


You were on level 5 of the Dungeon.
You were very full.

You visited 1 branch of the dungeon, and saw 5 of its levels.

You collected 185 gold pieces.

Inventory:

Hand Weapons
 a - a +0 war axe (weapon)
Missiles
 k - 75 stones (quivered)
Armour
 b - a +0 scale mail
 c - a +2 shield (worn)
 m - a +2 cloak (worn)
 p - a +3 ring mail of cold resistance (worn)
 z - a +2 helmet (worn)
Jewellery
 j - an amulet of the gourmand (around neck)
 s - a +1 ring of protection (left hand)
Wands
 v - a wand of digging (14/24)
 w - a wand of enslavement (15/24)
Scrolls
 e - a scroll of identify
 h - 4 scrolls of remove curse
 n - 2 scrolls of random uselessness
 x - a scroll of recharging
Potions
 g - a potion of heal wounds {unknown}
 l - a potion of brilliance {unknown}
 o - a potion of resistance {unknown}
 r - a potion of berserk rage {unknown}
 u - a potion of lignification {unknown}
Books
 q - a Grand Grimoire

   Spells                             Type                      Level
   a - Monstrous Menagerie            Summoning                    7
   b - Summon Greater Demon           Summoning                    7
   c - Malign Gateway                 Summoning/Translocation      7
   d - Summon Horrible Things         Summoning                    8
 B - a book of Minor Magic

   Spells                             Type                      Level
   a - Magic Dart                     Conjuration                  1
   b - Blink                          Translocation                2
   c - Call Imp                       Summoning                    2
   d - Repel Missiles                 Charms/Air                   2
   e - Slow                           Hexes                        2
   f - Conjure Flame                  Conjuration/Fire             3
   g - Mephitic Cloud                 Conjuration/Poison/Air       3
Comestibles
 f - 4 bread rations


   Skills:
 * Level 4.4 Fighting
 * Level 3.2 Axes
 * Level 3.1 Throwing
 * Level 3.4 Armour
 + Level 1.9 Dodging
 + Level 0.2 Stealth
 * Level 3.5 Shields


You had 6 spell levels left.
You didn't know any spells.

Dungeon Overview and Level Annotations

Branches:
Dungeon (5/15)             Temple (0/1) D:4

Altars:
Vehumet
The Shining One

Annotations:
D:5 magog001's ghost, novice MiFi


Innate Abilities, Weirdness & Mutations

You have hooves in place of feet.
Armour fits poorly on your strangely shaped body.
You cover ground very quickly.
You have extremely tough skin (AC +3).


Message History

* * * LOW HITPOINT WARNING * * *
You feel very sick. You block magog001's ghost's attack. x2
You barely miss magog001's ghost.
You kick magog001's ghost, but do no damage.
Magog001's ghost is severely damaged.
* * * LOW HITPOINT WARNING * * *
You feel very sick. You block magog001's ghost's attack.
You hit magog001's ghost but do no damage.
Magog001's ghost is severely damaged.
* * * LOW HITPOINT WARNING * * *
You feel very sick. You block magog001's ghost's attack.
You hit magog001's ghost but do no damage.
Magog001's ghost is severely damaged.
* * * LOW HITPOINT WARNING * * *
You feel very sick. Magog001's ghost hits you!
You die...

##+## #.. ##. ##...## #.# #..
##.....## ##.# #.#. .
##....[..## ##..###.# .
.>..####.........####...##.####
.......'.........'.............
#...####.....รท...####....######
# ##.......####....######
##....@W.............#
##...#........#######
##'###.###..## #.# ##.##..#####
#.# #........# ##.######...#####
#....)......# #.....######.#
##....# ###


You could see magog001's ghost.

Vanquished Creatures
  Grinder (D:5)
  Edmund (D:5)
  Duvessa (D:5)
  Dowan (D:5)
  A hound (D:4)
  2 worker ants
  A statue (D:5)
  A gnoll (D:5)
  A howler monkey skeleton (D:4)
  4 adders
  An ooze (D:2)
  An adder skeleton (D:4)
  5 worms
  3 dart slugs
  4 giant geckos (D:3)
  An orc (D:3)
  A ball python (D:4)
  2 giant cockroaches
  10 goblins
  4 hobgoblins
  4 jackals (D:2)
  3 kobolds
  A quokka (D:4)
  5 bats
  6 giant newts
  A jackal skeleton (D:4)
  3 rats
  A plant (D:1)
70 creatures vanquished.

Vanquished Creatures (others)
  An orc (D:5)
1 creature vanquished.

Grand Total: 71 creatures vanquished

Notes
Turn   | Place    | Note
--------------------------------------------------------------
     0 | D:1      | magog001 the Centaur Fighter began the quest for the Orb.
     0 | D:1      | Reached XP level 1. HP: 19/19 MP: 1/1
   970 | D:1      | Reached XP level 2. HP: 22/26 MP: 2/2
  1235 | D:2      | Reached XP level 3. HP: 30/31 MP: 3/3
  1917 | D:3      | Reached XP level 4. HP: 32/38 MP: 4/4
  2355 | D:3      | Found a glowing golden altar of the Shining One.
  2611 | D:3      | Reached skill level 1 in Throwing
  3380 | D:4      | Found a staircase to the Ecumenical Temple.
  3464 | D:4      | Reached XP level 5. HP: 37/46 MP: 5/5
  3944 | D:5      | Entered Level 5 of the Dungeon
  3955 | D:5      | Reached skill level 1 in Dodging
  3993 | D:5      | Found a radiant altar of Vehumet.
  3995 | D:5      | Noticed a frost-covered statue
  4009 | D:5      | Killed a frost-covered statue
  4009 | D:5      | Reached skill level 4 in Fighting
  4039 | D:5      | Noticed Edmund
  4054 | D:5      | Killed Edmund
  4054 | D:5      | Reached XP level 6. HP: 32/52 MP: 6/6
  4063 | D:5      | Noticed Duvessa
  4080 | D:5      | Noticed Dowan
  4080 | D:5      | Killed Duvessa
  4098 | D:5      | Killed Dowan
  4208 | D:5      | Noticed Grinder
  4213 | D:5      | Paralysed by Grinder for 5 turns
  4232 | D:5      | Paralysed by Grinder for 5 turns
  4239 | D:5      | Reached XP level 7. HP: 21/59 MP: 7/7
  4253 | D:5      | Killed Grinder
  4481 | D:5      | Noticed magog001's ghost (novice MiFi)
  4502 | D:5      | HP: 2/60 [poisoned by magog001's ghost]
  4502 | D:5      | Slain by magog001's ghost

Skill      XL: |  1  2  3  4  5  6  7 |
---------------+----------------------+-----
Axes           | 2 3 |  3.2
Throwing       | 1 2 3 |  3.1
Dodging        | 1 |  1.9
Fighting       | 4 |  4.4
Armour         | 3 |  3.4
Shields        | 3 |  3.5
Stealth        | |  0.2

Action                   |  1- 3 |  4- 6 |  7- 9 || total
-------------------------+-------+-------+-------++-------
Melee: War axe           |   135 |   160 |    33 ||   328
       Kick              |    31 |    40 |    10 ||    81
Throw: Stone             |    12 |       |       ||    12
Evoke: Wand              |       |     1 |     1 ||     2
  Use: Potion            |       |     5 |       ||     5
       Scroll            |       |    12 |       ||    12
  Eat: Chunk             |    11 |     6 |     2 ||    19
Armor: Scale mail        |    85 |    60 |       ||   145
       Ring mail         |       |    22 |     9 ||    31
Dodge: Dodged            |    32 |    39 |     4 ||    75
Block: Shield            |    69 |    71 |    19 ||   159
